 Dungeon Crawl Stone Soup version 0.23.0 (webtiles) character file.

Game seed: 17662201965883680667

8967 Laan the Carver (level 11, -2/87 HPs)
             Began as a Merfolk Gladiator on Feb 12, 2019.
             Was a High Priest of Okawaru.
             Slain by a seven-headed hydra (15 damage)
             ... on level 11 of the Dungeon.
             The game lasted 00:31:38 (10926 turns).

Laan the Carver (Merfolk Gladiator)                Turns: 10926, Time: 00:31:38

Health: -2/87      AC: 10    Str: 17    XL:     11   Next: 39%
Magic:  11/11      EV: 18    Int:  8    God:    Okawaru [*****.]
Gold:   303        SH: 18    Dex: 23    Spells: 10/10 levels left

rFire    . . .     SeeInvis .   P - +0 scimitar
rCold    . . .     Gourm    .   n - +2 large shield
rNeg     . . .     Faith    .   b - +0 leather armour
rPois    +         Spirit   .   y - +0 helmet
rElec    .         Reflect  .   (no cloak)
rCorr    .         Harm     .   C - +0 pair of gloves of a bazaar {rPois Str+3}
MR       .....                  (no boots)
Stlth    ++........             S - amulet of regeneration
HPRegen  0.64/turn              B - +5 ring of protection
MPRegen  0.12/turn              D - +4 ring of dexterity

@: about to teleport
A: change form in water, swift swim, stealthy swim
a: Heroism, Finesse, Renounce Religion


You were on level 11 of the Dungeon.
You worshipped Okawaru.
Okawaru was extremely pleased with you.
You were full.

You visited 2 branches of the dungeon, and saw 12 of its levels.

You collected 581 gold pieces.
You spent 278 gold pieces at shops.

Inventory:

Hand Weapons
 a - a +0 long sword
 v - the +9 rapier of Laiqyt {flame, Fragile rElec rF+ MR+ Int-2}
   (You found it on level 5 of the Dungeon)

   It has been specially enchanted to burn those struck by it, causing extra
   injury to most foes and up to half again as much damage against particularly
   susceptible opponents.
   It affects your intelligence (-2).
   It protects you from fire.
   It insulates you from electricity.
   It affects your resistance to hostile enchantments.
   It will be destroyed if unequipped.
 P - a +0 scimitar (weapon)
Missiles
 d - 4 throwing nets
 E - 8 javelins (quivered)
 U - 8 poisoned tomahawks
Armour
 b - a +0 leather armour (worn)
 j - a +0 pair of gloves
 n - a +2 large shield (worn)
 y - a +0 helmet (worn)
 C - the +0 pair of gloves of a bazaar (worn) {rPois Str+3}
   (You bought it in a shop on level 6 of the Dungeon)

   It affects your strength (+3).
   It protects you from poison.
Jewellery
 e - an uncursed amulet of the gourmand
 x - an uncursed ring of stealth
 B - a +5 ring of protection (left hand)
 D - a +4 ring of dexterity (right hand)
 G - an uncursed ring of resist corrosion
 L - an uncursed ring of poison resistance
 S - an amulet of regeneration (around neck)
Wands
 c - a wand of random effects (11)
 H - a wand of iceblast (2)
 I - a wand of enslavement (6)
 Q - a wand of polymorph (10)
 V - a wand of disintegration (9)
Scrolls
 g - 6 scrolls of enchant weapon {unknown}
 i - 11 scrolls of teleportation
 k - 7 scrolls of remove curse
 m - 7 scrolls of identify
 o - 2 scrolls of blinking {unknown}
 p - 5 scrolls of amnesia {unknown}
 q - 2 scrolls of random uselessness {unknown}
 t - 2 scrolls of fear {unknown}
 K - a scroll of fog {unknown}
 O - a scroll of enchant armour {unknown}
 R - a scroll of vulnerability {unknown}
Potions
 h - 3 potions of agility {unknown}
 l - a potion of resistance {unknown}
 r - 2 potions of flight
 s - 2 potions of might {unknown}
 u - a potion of lignification {unknown}
 w - 3 potions of brilliance {unknown}
 z - 2 potions of heal wounds
 A - a potion of degeneration {unknown}
 F - a potion of curing
 J - a potion of ambrosia {unknown}
 M - 2 potions of haste {unknown}
 N - a potion of magic {unknown}
Comestibles
 f - 21 rations


   Skills:
 + Level 8.9 Fighting
 * Level 12.3 Long Blades
 - Level 2.0 Throwing
 + Level 10.9 Dodging
 + Level 7.6 Shields


You had 10 spell levels left.
You didn't know any spells.
Your spell library contained the following spells:

 Spells                   Type           Power        Failure   Level  Hunger
 Shock                    Conj/Air       #...         99%         1    ##.....
 Swiftness                Chrm/Air       #.......     100%        2    ###....
 Static Discharge         Conj/Air       #.......     100%        3    ####...
 Airstrike                Air            #.........   100%        4    #####..
 Lightning Bolt           Conj/Air       #.........   100%        5    ######.


Dungeon Overview and Level Annotations

Branches:
Dungeon (11/15)            Temple (1/1) D:6
   Lair: D:8-11         Orc: D:9-12

Altars:
Ashenzari
Dithmenos
Elyvilon
Fedhas
Gozag
Makhleb
Nemelex Xobeh
Okawaru
Qazlal
Ru
Trog
Vehumet
Wu Jian
Xom
Yredelemnul
Zin
The Shining One

Shops:
D:5 ?   D:6 %[!   D:9 [   D:11 %(

Annotations:
D:11 Sonja


Message History

The worker ant is heavily wounded.
The troll bites you!
* * * LOW HITPOINT WARNING * * *
You block the troll's attack. x2; The worker ant barely misses you.
You slash the worker ant!
You kill the worker ant!
Okawaru accepts your kill.
You see here a worker ant corpse.
As you read the scroll of teleportation, it crumbles to dust.
You feel strangely unstable.
You block the seven-headed hydra's attack.
The seven-headed hydra bites you!
* * * LOW HITPOINT WARNING * * *
You block the seven-headed hydra's attack.
The seven-headed hydra barely misses you.
The seven-headed hydra bites you.
* * * LOW HITPOINT WARNING * * *
The seven-headed hydra bites you but does no damage.
The seven-headed hydra bites you!
You die...

.#.. .... #$.. #.
#...#######
#.....@DT.#
..########.# #.# #S#
#o# #######.#### #.#
#..........#
...o.##.##.#........#
#.....$..#..##.##.#


You could see a seven-headed hydra and a troll.

Vanquished Creatures
  Harold (D:7)
  2 two-headed ogres (D:10)
  An unseen horror (D:10)
  A gargoyle (D:10)
  2 hornets
  4 hippogriffs
  A wyvern (D:9)
  A hungry ghost (D:9)
  A soldier ant (D:10)
  Edmund (D:6)
  3 orc warriors
  4 sky beasts
  4 ice beasts
  A hornet zombie (D:7)
  A phantom (D:5)
  A necrophage (D:8)
  A black bear (D:9)
  4 ogres
  A crocodile (D:8)
  6 centaurs
  4 bullfrogs
  3 scorpions
  3 killer bees (D:5)
  2 howler monkeys
  5 crimson imps
  A bullfrog zombie (D:6)
  A quasit (D:7)
  2 centaur zombies
  2 orc priests (D:9)
  2 bullfrog skeletons
  5 hounds
  3 orc wizards
  Ijyb (D:5)
  An iguana (D:6)
  7 worker ants
  2 killer bee zombies
  3 worker ant zombies
  8 adders
  15 gnolls
  2 shadow imps
  2 oozes
  An adder skeleton (D:4)
  4 dart slugs
  16 leopard geckos
  36 orcs
  7 giant cockroaches
  12 goblins
  9 hobgoblins
  5 jackals
  7 quokkas
  3 ball pythons
  9 bats
  6 frilled lizards
  8 kobolds
  A leopard gecko skeleton (D:4)
  A leopard gecko zombie (D:6)
  6 rats
  A spectral orc (D:9)
247 creatures vanquished.

Notes
Turn   | Place    | Note
-------+----------+-------------------------------------------
     0 | D:1      | Laan the Merfolk Gladiator began the quest for the Orb.
     0 | D:1      | Reached XP level 1. HP: 16/16 MP: 1/1
    55 | D:1      | Reached XP level 2. HP: 21/23 MP: 2/2
   262 | D:1      | Reached XP level 3. HP: 22/28 MP: 3/3
   271 | D:1      | Reached skill level 4 in Long Blades
   995 | D:2      | Reached XP level 4. HP: 29/34 MP: 4/4
  1194 | D:2      | Reached skill level 1 in Shields
  1514 | D:2      | Reached XP level 5. HP: 31/41 MP: 5/5
  1904 | D:3      | Reached skill level 5 in Dodging
  2135 | D:3      | Found a sparkling altar of Nemelex Xobeh.
  2210 | D:3      | Reached skill level 5 in Long Blades
  2646 | D:4      | Reached XP level 6. HP: 21/47 MP: 6/6
  3367 | D:5      | Entered Level 5 of the Dungeon
  3379 | D:5      | Found Dacut's Magic Scroll Boutique.
  3386 | D:5      | Bought a scroll of identify for 22 gold pieces
  3386 | D:5      | Bought a scroll of teleportation for 33 gold pieces
  3386 | D:5      | Bought a scroll of remove curse for 33 gold pieces
  3442 | D:5      | Noticed Ijyb
  3470 | D:5      | Killed Ijyb
  3555 | D:5      | Found a burning altar of Makhleb.
  3609 | D:5      | Noticed a phantom
  3729 | D:5      | Killed a phantom
  3729 | D:5      | Reached XP level 7. HP: 43/54 MP: 7/7
  3830 | D:5      | Reached skill level 6 in Long Blades
  4264 | D:5      | Got an encrusted rapier
  4265 | D:5      | Identified the +9 rapier of Laiqyt {flame, Fragile rElec
                  | rF+ MR+ Int-2} (You found it on level 5 of the Dungeon)
  5007 | D:5      | HP: 1/55 [sky beast (5)]
  5009 | D:5      | Reached skill level 7 in Long Blades
  5009 | D:5      | Reached XP level 8. HP: 21/61 MP: 8/8
  5447 | D:5      | Reached skill level 5 in Fighting
  5513 | D:6      | Found Gegaipn's Armour Emporium.
  5518 | D:6      | Found Ohui's Food Boutique.
  5556 | D:6      | Bought the cursed +0 pair of gloves of a bazaar {rPois
                  | Str+3} for 190 gold pieces
  5589 | D:6      | Found Beezec's Distillery.
  5741 | D:6      | Found a sacrificial altar of Ru.
  5995 | D:6      | Found a staircase to the Ecumenical Temple.
  6003 | Temple   | Entered the Ecumenical Temple
  6010 | Temple   | Became a worshipper of Warmaster Okawaru
  6368 | D:6      | Noticed Edmund
  6393 | D:6      | Killed Edmund
  6393 | D:6      | Reached skill level 8 in Long Blades
  6737 | D:7      | Reached XP level 9. HP: 27/69 MP: 9/9
  7134 | D:7      | Found a flagged portal.
  7343 | D:7      | Reached * piety under Okawaru
  7343 | D:7      | Reached skill level 9 in Long Blades
  7343 | D:7      | Reached skill level 5 in Shields
  7749 | D:8      | Reached ** piety under Okawaru
  8074 | D:8      | Found a stormy altar of Qazlal.
  8115 | D:8      | Found a bloodstained altar of Trog.
  8383 | D:8      | Noticed Harold
  8447 | D:7      | Killed Harold
  8447 | D:7      | Reached *** piety under Okawaru
  8447 | D:7      | Reached skill level 10 in Long Blades
  8447 | D:7      | Reached XP level 10. HP: 49/79 MP: 7/10
  8640 | D:8      | Found a shattered altar of Ashenzari.
  8712 | D:8      | Found a shadowy altar of Dithmenos.
  8856 | D:9      | Reached **** piety under Okawaru
  8931 | D:9      | Found a blossoming altar of Fedhas.
  8990 | D:9      | Found a sacrificial altar of Ru.
  9124 | D:9      | Found Rutijats's Armour Shop.
  9288 | D:9      | Reached skill level 11 in Long Blades
  9666 | D:9      | Found an opulent altar of Gozag.
  9678 | D:9      | Reached skill level 10 in Dodging
  9854 | D:9      | Found a basalt altar of Yredelemnul.
  9895 | D:10     | Entered Level 10 of the Dungeon
  9971 | D:10     | Killed an unseen horror
 10064 | D:10     | Received a gift from Okawaru
 10165 | D:10     | Reached ***** piety under Okawaru
 10165 | D:10     | Reached XP level 11. HP: 87/87 MP: 11/11
 10213 | D:10     | Noticed a two-headed ogre
 10229 | D:10     | Killed a two-headed ogre
 10438 | D:10     | Reached skill level 12 in Long Blades
 10651 | D:10     | Noticed a two-headed ogre
 10668 | D:10     | Killed a two-headed ogre
 10881 | D:11     | Found Equs's Food Emporium.
 10881 | D:11     | Noticed an eight-headed hydra
 10895 | D:11     | Noticed Sonja
 10908 | D:11     | Found Qunk's Antique Weapon Emporium.
 10913 | D:11     | Noticed a seven-headed hydra
 10926 | D:11     | Slain by a seven-headed hydra

Skill      XL: |  1  2  3  4  5  6  7  8  9 10 11 |
---------------+----------------------------------+-----
Long Blades    | 4 5 7 8 10 11 12 | 12.3
Fighting       | 3 4 5 7 8 |  8.9
Shields        | 1 2 3 4 6 7 |  7.6
Dodging        | 5 6 7 9 10 | 10.9
Throwing       | |  2.0

Action                   |  1- 3 |  4- 6 |  7- 9 | 10-12 || total
-------------------------+-------+-------+-------+-------++-------
Melee: Long sword        |    80 |   308 |   580 |    81 ||  1049
       Tailslap          |       |     2 |     2 |       ||     4
       Unarmed           |       |       |     3 |       ||     3
       Scimitar          |       |       |       |   262 ||   262
Throw: Throwing net      |       |     5 |     2 |       ||     7
       Javelin           |       |       |    11 |     7 ||    18
Invok: Heroism           |       |       |     1 |     4 ||     5
Evoke: Wand              |       |       |       |     8 ||     8
  Use: Potion            |       |     2 |     1 |     1 ||     4
       Scroll            |       |     3 |     2 |     3 ||     8
 Stab: Sleeping          |     1 |     2 |     8 |     6 ||    17
       Held in net/web   |       |       |     1 |       ||     1
       Distracted        |       |       |     1 |       ||     1
  Eat: Chunk             |       |    11 |    31 |     5 ||    47
Armor: Leather armour    |    16 |    68 |   128 |    42 ||   254
       Skin              |       |       |     1 |       ||     1
Dodge: Dodged            |    44 |    93 |   209 |   163 ||   509
Block: Large shield      |    23 |   211 |   531 |   306 ||  1071
       Rpst.: Long sword |    16 |    33 |    60 |     7 ||   116
       Scimitar          |       |       |       |    29 ||    29
